 Dungeon Crawl Stone Soup version 0.22.0-49-gab54619674 (webtiles) character file.

0 Jannitor the Ducker (level 1, -4/11 HPs)
             Began as a Spriggan Abyssal Knight on Sept 4, 2018.
             Was a Follower of Lugonu.
             Killed from afar by a wretched star (11 damage)
             ... with an orb of energy
             ... on level 1 of the Abyss.
             The game lasted 00:01:53 (321 turns).

Jannitor the Ducker (Spriggan Abyssal Knight)        Turns: 321, Time: 00:01:54

Health: -4/11      AC:  2    Str:  8    XL:     1   Next: 0%
Magic:  3/3        EV: 18    Int: 13    God:    Lugonu [*.....]
Gold:   23         SH:  0    Dex: 15    Spells: 0/0 levels left

rFire    . . .     SeeInvis +   a - +1 short sword
rCold    . . .     Gourm    .   (shield restricted)
rNeg     . . .     Faith    .   b - +0 robe
rPois    .         Spirit   .   (helmet restricted)
rElec    .         Reflect  .   (no cloak)
rCorr    .         Harm     .   (gloves unavailable)
MR       .....     Rnd*Tele +   (boots unavailable)
Stlth    +.........             (no amulet)
HPRegen  0.00/turn              (no ring)
MPRegen  0.08/turn              (no ring)

@: non-regenerating, diseased, very quick
A: very small, unfitting armour, see invisible, herbivore, speed 3, slow
metabolism 2, [teleportitis 2]
a: Depart the Abyss, Renounce Religion


You were on level 1 of the Abyss.
You worshipped Lugonu.
Lugonu was aware of your devotion.
You were not hungry.

You visited 0 branches of the dungeon, and saw 0 of its levels.
You visited the Abyss 1 time.

You collected 23 gold pieces.

Inventory:

Hand Weapons
 a - a +1 short sword (weapon)
 d - a +0 hunting sling
Missiles
 e - 8 curare-tipped needles
Armour
 b - a +0 robe (worn)
Comestibles
 c - a ration


   Skills:
 + Level 2.4 Fighting
 + Level 2.1 Short Blades
 + Level 3.5 Dodging
 + Level 1.7 Invocations


You couldn't memorise any spells.
You didn't know any spells.
Your spell library was empty.

Dungeon Overview and Level Annotations

Branches:
Dungeon (0/15)

Altars:


Innate Abilities, Weirdness & Mutations

You are very small and have problems with some larger weapons.
You are too small for most types of armour.
You have supernaturally acute eyesight. (SInv)
You are a herbivore.
You cover ground extremely quickly.
You need to consume almost no food.
[You are sometimes teleported next to monsters.]


Message History

The thrashing horror moves out of view.
Found 3 large rocks.
Found 7 gold pieces.
Unknown command.
An ancient zyme comes into view.
You feel yourself growing ill in the presence of the ancient zyme.
You feel a little less agile now.
You feel ill.
You enter the shallow water.
Moving in this stuff is going to be slow.
You feel ill.
A tentacled starspawn comes into view.
A wretched star comes into view.
You feel ill.
The wretched star pulses with an eldritch light!
You feel weirdly uncertain.
You feel even more weirdly uncertain.
The wretched star glows turbulently.
The orb of energy hits you!
Ouch! That really hurt!
You die...

≈≈≈≈≈*..# #... ≈.#...##
≈≈≈≈≈≈..# ###§.≈≈... ..x
≈≈≈≈≈≈.*####x..♣≈§.#..#
# ≈≈≈≈≈≈≈#....###≈≈≈§. #
.
≈≈≈≈≈≈≈#.......≈≈≈####.#
≈≈≈≈≈≈≈...# ###≈ ≈.# .#
≈≈≈≈≈≈≈♣..#..#.≈≈≈#.##
≈≈≈≈≈≈≈≈..###..≈≈ ###
≈≈≈≈≈≈≈≈≈@# .##≈≈≈# .
≈≈≈≈≈≈≈≈≈#.# ≈♣≈. ##
≈≈≈≈≈≈≈≈##.. ≈≈≈≈≈≈≈≈≈
..# ≈≈♣≈≈≈≈≈≈ .#
≈≈≈≈≈≈≈≈♣ .. ≈≈≈≈≈≈≈ ##
≈≈≈≈≈≈≈


You could see a wretched star.

Vanquished Creatures (others)
  A lurking horror (Abyss:1)
1 creature vanquished.

Notes
Turn   | Place    | Note
-------+----------+-------------------------------------------
     0 | Abyss:1  | Jannitor the Spriggan Abyssal Knight began the quest for
                  | the Orb.
     0 | Abyss:1  | Reached XP level 1. HP: 11/11 MP: 3/3
    44 | Abyss:1  | Noticed a small abomination
   105 | Abyss:1  | Noticed an ancient zyme
   130 | Abyss:1  | Noticed a tentacled starspawn
   141 | Abyss:1  | Found a shattered altar of Ashenzari.
   145 | Abyss:1  | Noticed a Hell Sentinel
   167 | Abyss:1  | Noticed a green death
   176 | Abyss:1  | Noticed a quasit
   186 | Abyss:1  | Noticed a smoke demon
   240 | Abyss:1  | Noticed a large abomination
   279 | Abyss:1  | Noticed a thrashing horror
   279 | Abyss:1  | Noticed a small abomination
   292 | Abyss:1  | Noticed an ancient zyme
   310 | Abyss:1  | Noticed a tentacled starspawn
   314 | Abyss:1  | Noticed a wretched star
   321 | Abyss:1  | Killed from afar by a wretched star

Action                   || total
-------------------------++-------
  Use: Potion            ||     2
       Scroll            ||     1
